 Dungeon Crawl Stone Soup version 0.32-a0-86-g8db1b9f803 (webtiles) character file.

Game seed: 9809523644374674847

3480 Sobieck the Basher (level 9, -2/75 HPs)
             Began as a Demonspawn Artificer on Feb 5, 2024.
             Was a Priest of Makhleb.
             Slain by a yak (4 damage)
             ... on level 7 of the Dungeon.
             The game lasted 00:12:48 (8181 turns).

Sobieck the Basher (Demonspawn Artificer)           Turns: 8181, Time: 00:12:49

Health: -2/75      AC: 13    Str: 16    XL:     9   Next: 79%
Magic:  10/11      EV:  4    Int: 11    God:    Makhleb [***...]
Gold:   363        SH:  8    Dex: 15    Spells: 8/8 levels left

rFire   . . .        x - +0 morningstar
rCold   . . .        s - +0 buckler
rNeg    . . .        j - +0 plate armour
rPois   .            (helmet restricted)
rElec   .            (no cloak)
rCorr   .            (no gloves)
SInv    .            k - +0 pair of boots
Will    .....        (no amulet) Stlth
                     (no ring)
HPRegen 0.32/turn    (no ring)
MPRegen 0.12/turn

%: no passive effects
@: no status effects
A: horns 1, large bone plates 1, demonic guardian 3
a: Renounce Religion, Minor Destruction, Lesser Servant of Makhleb


You were on level 7 of the Dungeon.
You worshipped Makhleb.
Makhleb was most pleased with you.
You visited 1 branch of the dungeon, and saw 8 of its levels.

You collected 363 gold pieces.

Inventory:

Hand Weapons
 a - a +0 club
 v - a +0 mace
 x - a +0 morningstar (weapon)
 y - a +0 whip
 z - a +5 club
 G - a +0 flail
 K - a +2 flail of venom
Missiles
 n - 48 stones
 w - 2 javelins
 D - 4 silver javelins
 F - 6 poisoned darts
 H - 8 boomerangs
 L - 2 curare-tipped darts
 M - a throwing net
Armour
 b - a +0 leather armour
 i - a +0 scale mail
 j - a +0 plate armour (worn)
 k - a +0 pair of boots (worn)
 o - a +0 helmet
 s - a +0 buckler (worn)
Jewellery
 r - a ring of willpower
Wands
 c - a wand of flame (73) (quivered)
 d - a wand of charming (11)
 e - a wand of iceblast (5)
 J - a wand of quicksilver (3)
 P - a wand of mindburst (19)
Scrolls
 f - a scroll of poison
 h - a scroll of summoning {unknown}
 l - a scroll of vulnerability
 p - 2 scrolls of fog
 q - 3 scrolls of noise
 t - 2 scrolls of teleportation
 E - a scroll of amnesia
 O - a scroll of enchant armour {unknown}
 Q - 2 scrolls of revelation
Potions
 g - 3 potions of lignification
 m - a potion of degeneration
 u - a potion of magic {unknown}
 A - a potion of mutation
 B - 7 potions of curing
 C - 2 potions of brilliance
 I - a potion of heal wounds
 N - a potion of might {unknown}


   Skills:
 + Level 8.3 Fighting
 * Level 8.6 Maces & Flails
 - Level 5.0 Armour
 - Level 0.8 Dodging
 - Level 0.8 Stealth
 + Level 1.9 Shields
 + Level 2.9 Invocations
 - Level 3.0 Evocations


You had 8 spell levels left.
You didn't know any spells.
Your spell library contained the following spells:

 Spells                   Type           Power      Damage    Failure   Level
 Kiss of Death            Conj/Necr      0%         2d5       100%        1
 Magic Dart               Conj           0%         1d3       100%        1
 Blink                    Tloc           0%         N/A       100%        2
 Call Imp                 Summ           0%         N/A       100%        2
 Static Discharge         Conj/Air       0%         3-3/arc   100%        2
 Confusing Touch          Hex            0%         N/A       100%        3
 Inner Flame              Hex/Fire       0%         N/A       100%        3
 Airstrike                Air            0%         2d(0-16)  100%        4
 Dispel Undead            Necr           0%         3d6       100%        4
 Flame Wave               Conj/Fire      0%         2d4       100%        4
 Sticky Flame             Fire/Alch      0%         2d4       100%        4
 Summon Lightning Spire   Summ/Air       0%         N/A       100%        4
 Vhi's Electric Charge    Tloc/Air       0%         N/A       100%        4
 Arcjolt                  Conj/Air       0%         1d10      100%        5
 Plasma Beam              Fire/Air       0%         2x1d10    100%        6


Dungeon Overview and Level Annotations

Branches:
Dungeon (8/15)             Temple (0/1) D:5
   Lair: D:8-11

Altars:
Fedhas
Kikubaaqudgha
Makhleb
Trog
Uskayaw
Yredelemnul

Shops:
D:5 =

Annotations:
D:4 2 transporters


Innate Abilities, Weirdness & Mutations

You have a pair of small horns on your head.
You are partially covered in large bone plates. (SH +4)
A powerful demonic guardian rushes to your aid.


Message History

Unknown command.
You sock the yak!
The yak is moderately wounded.
The yak gores you.
* * * LOW HITPOINT WARNING * * *
The yak gores you.
* * * LOW HITPOINT WARNING * * *
You block the yak's attack.
You puncture the yak!
The yak is heavily wounded.
The yak gores you but does no damage. The yak barely misses you.
You block the yak's attack.
You barely miss the yak.
The yak is heavily wounded.
You block the yak's attack. The yak barely misses you.
You block the yak's attack.
You barely miss the yak. You headbutt the yak, but do no damage.
The yak is heavily wounded.
The yak gores you but does no damage. You block the yak's attack.
The yak gores you but does no damage.
You hit the yak.
The yak is severely wounded.
The yak completely misses you.
The yak gores you but does no damage. x2
Unknown command.
You hit the yak.
The yak is severely wounded.
You block the yak's attack. The yak gores you!
* * * LOW HITPOINT WARNING * * *
You block the yak's attack. The yak gores you.
* * * LOW HITPOINT WARNING * * *
The yak gores you!
* * * LOW HITPOINT WARNING * * *
A demonic guardian appears!
The yak gores you but does no damage.
You sock the yak!
You kill the yak!
Makhleb accepts your kill.
You feel better. The yak gores you!
* * * LOW HITPOINT WARNING * * *
The yak gores you but does no damage.
Your soul eater hits the yak!!
Unknown command.
The yak gores you!
* * * LOW HITPOINT WARNING * * *
The yak misses your soul eater.
Your soul eater hits the yak!
The yak dies!
Makhleb accepts your kill.
Things that are here:
a +0 whip; a yak corpse The yak attacks as it pursues you!
You block the yak's attack.
You hit the yak but do no damage. The yak gores you.
You die...

##.#### #.#.#.#.###.###
#.# #.#.###.......# #[#
#.#...[<.##.#.# #.#
#.####.#..#.#.#
###.######.#.......#.#.#
#.....[>)..#....#..#.#.#
#...###3##..#####..#.#..
#...# #Y##......#..#[###
#...# #@##.#.......#.#
#...# #....#.#..#.##.###
#...# ###..#......##....
#...# ##..###.........
#...# #.............#
#...# ##..#########.#
##### ##..## #.# #######
##..#######.# #.....#
##......##.#


You could see a yak (ally target) and a friendly soul eater (summoned).

Vanquished Creatures
  2 yaks (D:7)
  A water moccasin (D:6)
  A sky beast (D:7)
  A black bear (D:7)
  A wolf (D:5)
  A phantom (D:6)
  A bullfrog (D:7)
  8 scorpions
  A gnoll sergeant (D:7)
  3 killer bees (D:7)
  2 vampire bats (D:7)
  A bombardier beetle (D:4)
  A jelly (D:7)
  8 hounds
  5 orc priests
  A gnoll bouda (D:5)
  Jessica (D:3)
  An orc wizard (D:5)
  Natasha (D:1)
  3 sleepcaps
  10 gnolls
  6 adders
  A white imp (D:7)
  A dart slug (D:2)
  A ribbon worm (D:5)
  22 orcs
  13 bats
  3 bat skeletons (D:7)
  3 bat zombies (D:7)
  5 endoplasms
  6 giant cockroaches
  6 goblins
  6 hobgoblins
  8 jackals
  7 quokkas
  2 ball pythons
  A frilled lizard (D:2)
  4 kobolds
  4 rats
153 creatures vanquished.

Vanquished Creatures (collateral kills)
  A yak (D:7)
  Menkaure (D:4)
  A water moccasin (D:7)
  An orc warrior (D:7)
  A black bear (D:4)
  A bombardier beetle (D:4)
  2 hounds (D:5)
  A jelly (D:5)
  An orc priest (D:7)
  A sleepcap (D:4)
  Ijyb (D:5)
  2 iguanas
  5 orc wizards
  8 gnolls
  A dart slug (D:5)
  9 orcs
  An endoplasm (D:1)
  A hobgoblin (D:7)
  4 jackals (D:5)
  2 kobolds (D:4)
  A quokka (D:1)
  A goblin (D:7)
47 creatures vanquished.

Vanquished Creatures (others)
  An orc wizard (D:5)
  3 jackals
4 creatures vanquished.

Grand Total: 204 creatures vanquished

Notes
Turn   | Place    | Note
-------+----------+-------------------------------------------
     0 | D:1      | Sobieck the Demonspawn Artificer began the quest for the
                  | Orb.
     0 | D:1      | Reached XP level 1. HP: 15/15 MP: 1/1
   123 | D:1      | Gained mutation: You are partially covered in large bone
                  | plates. (SH +4) [demonic ancestry]
   123 | D:1      | Reached XP level 2. HP: 7/21 MP: 2/2
   373 | D:1      | Reached skill level 1 in Maces & Flails
   490 | D:1      | Gained mutation: A weak demonic guardian rushes to your
                  | aid. [demonic ancestry]
   490 | D:1      | Reached XP level 3. HP: 27/27 MP: 3/3
   896 | D:2      | Gained mutation: A demonic guardian rushes to your aid.
                  | [demonic ancestry]
   896 | D:2      | Reached XP level 4. HP: 34/34 MP: 4/4
  1013 | D:2      | Noticed Natasha
  1032 | D:1      | Killed Natasha
  1379 | D:3      | Noticed Jessica
  1434 | D:2      | Reached skill level 3 in Armour
  1445 | D:3      | Reached XP level 5. HP: 40/40 MP: 5/5
  1458 | D:3      | Killed Jessica
  1459 | D:3      | Reached skill level 3 in Fighting
  1608 | D:3      | Found a hide-covered altar of Uskayaw.
  1628 | D:3      | Found a blossoming altar of Fedhas.
  1655 | D:3      | Found a bloodstained altar of Trog.
  1979 | D:4      | Found a burning altar of Makhleb.
  1995 | D:4      | Noticed Menkaure
  1996 | D:4      | Reached skill level 3 in Maces & Flails
  2002 | D:4      | Killed Menkaure
  2003 | D:4      | Gained mutation: A powerful demonic guardian rushes to your
                  | aid. [demonic ancestry]
  2003 | D:4      | Reached XP level 6. HP: 14/47 MP: 6/6
  2010 | D:4      | Became a worshipper of Makhleb the Destroyer
  2464 | D:4      | Found a transporter.
  2490 | D:4      | Found a transporter.
  2515 | D:4      | You fall into a shaft and drop 1 floor!
  2515 | D:5      | Entered Level 5 of the Dungeon
  2604 | D:5      | Reached XP level 7. HP: 30/53 MP: 7/7
  2613 | D:5      | Found a basalt altar of Yredelemnul.
  2622 | D:5      | Noticed a profane servitor
  2725 | D:5      | Noticed Ijyb
  2735 | D:5      | Killed Ijyb
  2976 | D:5      | Reached * piety under Makhleb
  3921 | D:5      | Reached XP level 8. HP: 60/61 MP: 8/8
  3998 | D:5      | Found a staircase to the Ecumenical Temple.
  4213 | D:5      | Found Xyk Xiff's Jewellery Boutique.
  4304 | D:5      | Reached skill level 6 in Maces & Flails
  4469 | D:5      | Reached ** piety under Makhleb
  4986 | D:5      | Noticed an angel
  5214 | D:6      | Reached skill level 6 in Fighting
  5821 | D:6      | Gained mutation: You have a pair of small horns on your
                  | head. [demonic ancestry]
  5821 | D:6      | Reached XP level 9. HP: 70/70 MP: 9/9
  6103 | D:7      | Identified the orb of Hubris {*Rage, Will+ Dex-3 Slay+2}
  6739 | D:7      | Reached *** piety under Makhleb
  6977 | D:7      | Found an ancient bone altar of Kikubaaqudgha.
  7308 | D:7      | Reached skill level 1 in Invocations
  7856 | D:7      | Reached skill level 1 in Shields
  8178 | D:7      | HP: 1/74 [yak (8)]
  8181 | D:7      | Slain by a yak

Illustrated notes

Levels and vault maps discovered:
D:1:      erik_arrival_blinker_ship, layout_basic, minmay_tromino_v4_b
D:2:      layout_rooms, uniq_natasha
D:3:      layout_rooms, nicolae_uskayaw_murder_on_the_dancefloor,
          trog_three_pillars_becter, overflow_temple_1_default,
          serial_bayou_lagoon_a, uniq_jessica
D:4:      gammafunk_steamed_eel, layout_rooms, mainiacjoe_overflow_catwalk,
          kennysheep_dice, uniq_menkaure
D:5:      old_forge, layout_cave_pools, grunt_temple_overflow_holy_war,
          temple_fountains, serial_gnoll_camp, gnoll_camp_mini_shop,
          gnoll_camp_mini_loothouse, gnoll_camp_mini_doghouse,
          gnoll_camp_mini_basic, portal_sewer_entry_f, moated_statue, uniq_ijyb
D:6:      layout_loops_corners
D:7:      layout_basic, kennysheep_vampire_church, enter_bailey_4
D:8:      layout_rooms, chequers_serial_rivers_small_a, water_maze_lemuel,
          uniq_maurice

Skill      XL: |  1  2  3  4  5  6  7  8  9 |
---------------+----------------------------+-----
Armour         | 2 3 4 5 |  5.0
Maces & Flails | 1 2 3 4 5 7 8 |  8.6
Fighting       | 2 3 4 6 8 |  8.3
Invocations    | 2 |  2.9
Shields        | 1 |  1.9
Dodging        | |  0.8
Stealth        | |  0.8
Evocations     | |  3.0

Action                     |  1- 3 |  4- 6 |  7- 9 || total
---------------------------+-------+-------+-------++-------
  Melee: Club              |   171 |   101 |       ||   272
         Punch             |     5 |     1 |       ||     6
         Mace              |       |    22 |       ||    22
         Whip              |       |    24 |       ||    24
         Flail             |       |    15 |   341 ||   356
         Morningstar       |       |       |    86 ||    86
         Headbutt          |       |       |    30 ||    30
  Evoke: Wand              |     5 |       |       ||     5
    Use: Scroll            |       |       |    15 ||    15
   Stab: Held in net/web   |       |       |     1 ||     1
 Armour: Leather armour    |    32 |       |       ||    32
         Plate armour      |   145 |   151 |   552 ||   848
         Scale mail        |     6 |       |       ||     6
  Dodge: Dodged            |    67 |    15 |   100 ||   182
  Block: Other             |    33 |     5 |       ||    38
         Buckler           |       |    53 |   218 ||   271

Table legend: (Time is in decaauts)
 A = Elapsed time spent in this place.
 B = Non-inter-level travel time spent in this place.
 C = Inter-level travel time spent in this place.
 D = Time resting spent in this place.
 E = Time spent auto-exploring this place.
 F = Levels seen in this place.
 G = Mean time per level.
                   A        B        C        D        E       F      G
               +--------+--------+--------+--------+--------+-----+--------+
         Total |   8346 |   8105 |    241 |   1217 |   5144 |   8 | 1043.2 |
       Dungeon |   8346 |   8105 |    241 |   1217 |   5144 |   8 | 1043.2 |
               +--------+--------+--------+--------+--------+-----+--------+

Top non-repeatable levels by time:
     D:7: 2005 daAuts
     D:5: 1699 daAuts
     D:4: 1432 daAuts
     D:6: 1094 daAuts
     D:1: 980 daAuts
     D:3: 577 daAuts
     D:2: 504 daAuts
     D:8: 52 daAuts
